[ AOE2 MATCH · #483784440 ]
UnrankedPersians vs Koreans
[ REPLAY ANALYSIS · EXTRACTED FROM THE RECORDED GAME ]
Feudal
11:16
Castle
16:11
Imperial
32:53
| APM avg | 33.0 |
| APM peak | 111 |
| eAPM avg | 24.9 |
| Villagers / military | 131 / 274 |
Focus
⚔️ 36.2% · 🌾 63.8%
Scout Cavalry ×202 · Knight ×65 · Trebuchet (Packed) ×7
Feudal
11:14
Castle
16:50
Imperial
36:37
| APM avg | 19.0 |
| APM peak | 45 |
| eAPM avg | 15.9 |
| Villagers / military | 109 / 303 |
Focus
⚔️ 37.1% · 🌾 62.9%
Spearman ×147 · Skirmisher ×146 · Iron Pagoda ×5 · Trebuchet (Packed) ×5
Feudal
10:19
Castle
18:26
Imperial
32:28
| APM avg | 63.8 |
| APM peak | 147 |
| eAPM avg | 26.6 |
| Villagers / military | 180 / 178 |
Focus
⚔️ 28.9% · 🌾 71.1%
Knight ×175 · Scout Cavalry ×3
Feudal
10:12
Castle
20:29
Imperial
45:40
| APM avg | 48.3 |
| APM peak | 80 |
| eAPM avg | 28.1 |
| Villagers / military | 117 / 206 |
Focus
⚔️ 31.8% · 🌾 68.2%
Archer ×78 · Skirmisher ×70 · Spearman ×54 · Trebuchet (Packed) ×4
Feudal
8:59
Castle
22:05
Imperial
35:57
| APM avg | 49.3 |
| APM peak | 84 |
| eAPM avg | 26.9 |
| Villagers / military | 141 / 139 |
Focus
⚔️ 36.9% · 🌾 63.1%
Archer ×108 · Spearman ×26 · Bombard Cannon ×3 · Skirmisher ×2
Feudal
10:59
Castle
18:17
Imperial
29:50
| APM avg | 52.2 |
| APM peak | 104 |
| eAPM avg | 29.9 |
| Villagers / military | 170 / 216 |
Focus
⚔️ 25.2% · 🌾 74.8%
Skirmisher ×139 · Battle Elephant ×61 · Ballista Elephant ×11 · Petard ×3 · Trebuchet (Packed) ×2
Feudal
11:29
Castle
15:25
Imperial
33:44
| APM avg | 53.8 |
| APM peak | 107 |
| eAPM avg | 28.6 |
| Villagers / military | 181 / 135 |
Focus
⚔️ 20.5% · 🌾 79.5%
Genoese Crossbowman ×111 · Bombard Cannon ×13 · Trebuchet (Packed) ×8 · Mangonel ×3
Feudal
10:38
Castle
15:21
Imperial
30:24
| APM avg | 50.6 |
| APM peak | 123 |
| eAPM avg | 16.5 |
| Villagers / military | 145 / 500 |
Focus
⚔️ 45.5% · 🌾 54.5%
Keshik ×489 · Trebuchet (Packed) ×10 · Monk ×1
Match map
Initial resources + every placement click. Lines = walls · curves = elevation contours. ◆ gold · ⬟ stone · ● berries · ✦ relic · ◌ wall gap
Your base· ✓ Closed at 16:11 · 3t walls · 1 gate(s)
XcodeVeronica's base· ✓ Closed at 16:50 · 0t walls · 2 gate(s)
Robe's base· ✓ Closed at 18:26 · 9t walls · 1 gate(s)
Manuel24's base· ✓ Closed at 20:29 · 13t walls · 2 gate(s)
MTY | Samuel García's base· ✓ Closed at 22:05 · 15t walls · 4 gate(s)
Friendly new player's base· ✓ Closed at 18:17 · 17t walls · 1 gate(s)
Mike Riko riko's base· ✓ Closed at 15:25 · 21t walls · 1 gate(s)
00940's base· ✓ Closed at 15:21 · 3t walls · 1 gate(s)
Smoothed initial terrain · ◌ = detected wall gap · hover for details
Inputs per minute
— Chiquita - - XcodeVeronica
Build order — Chiquita
First 150 of 573 actions detected
| 0:02 | Create | Villager (Male) |
| 0:02 | Create | Villager (Male) |
| 0:02 | Create | Villager (Male) |
| 0:02 | Create | Villager (Male) |
| 0:03 | Create | Villager (Male) |
| 0:04 | Build | House |
| 0:06 | Build | House |
| 1:31 | Create | Villager (Male) |
| 1:46 | Build | Lumber Camp |
| 2:07 | Create | Villager (Male) |
| 2:07 | Create | Villager (Male) |
| 2:14 | Build | Palisade Wall |
| 2:17 | Build | House |
| 2:24 | Create | Villager (Male) |
| 2:54 | Build | House |
| 3:02 | Build | House |
| 3:05 | Create | Villager (Male) |
| 3:06 | Create | Villager (Male) |
| 3:20 | Create | Villager (Male) |
| 3:48 | Create | Villager (Male) |
| 4:21 | Create | Villager (Male) |
| 4:21 | Create | Villager (Male) |
| 4:31 | Build | Mill |
| 4:49 | Create | Villager (Male) |
| 4:49 | Create | Villager (Male) |
| 5:22 | Create | Villager (Male) |
| 5:22 | Create | Villager (Male) |
| 5:49 | Create | Villager (Male) |
| 5:49 | Create | Villager (Male) |
| 6:30 | Create | Villager (Male) |
| 6:44 | Build | Mining Camp |
| 6:47 | Create | Villager (Male) |
| 7:10 | Create | Villager (Male) |
| 7:30 | Create | Villager (Male) |
| 7:51 | Create | Villager (Male) |
| 7:55 | Build | Mining Camp |
| 8:23 | Create | Villager (Male) |
| 9:07 | Build | Palisade Wall |
| 9:12 | Research | Feudal Age |
| 10:18 | Build | Farm |
| 10:21 | Build | Farm |
| 10:29 | Build | Farm |
| 10:32 | Build | Farm |
| 10:34 | Create | Villager (Male) |
| 11:00 | Build | House |
| 11:16 | Age | Feudal Age |
| 11:26 | Build | Gate |
| 11:34 | Create | Villager (Male) |
| 11:59 | Build | Market |
| 12:03 | Create | Villager (Male) |
| 12:09 | Build | Blacksmith |
| 12:16 | Build | Farm |
| 12:21 | Build | Farm |
| 12:26 | Build | Farm |
| 12:32 | Build | Farm |
| 12:33 | Create | Villager (Male) |
| 12:36 | Build | Farm |
| 13:05 | Build | House |
| 13:11 | Build | Farm |
| 13:19 | Create | Villager (Male) |
| 13:44 | Build | Farm |
| 13:46 | Research | Castle Age |
| 13:46 | Research | Castle Age |
| 14:28 | Create | Villager (Male) |
| 14:38 | Research | Double-Bit Axe |
| 14:42 | Build | Lumber Camp |
| 15:44 | Build | Barracks |
| 16:04 | Create | Villager (Male) |
| 16:04 | Create | Villager (Male) |
| 16:06 | Research | Horse Collar |
| 16:11 | Age | Castle Age |
| 16:37 | Build | Stable |
| 16:42 | Create | Villager (Male) |
| 17:00 | Create | Villager (Male) |
| 17:00 | Create | Villager (Male) |
| 17:03 | Create | Knight |
| 17:03 | Create | Knight |
| 17:10 | Build | Stable |
| 17:45 | Create | Villager (Male) |
| 18:01 | Create | Knight |
| 18:02 | Research | Bloodlines |
| 18:06 | Create | Knight |
| 18:06 | Create | Knight |
| 18:06 | Create | Knight |
| 18:19 | Build | House |
| 18:25 | Build | House |
| 18:31 | Create | Villager (Male) |
| 18:47 | Create | Knight |
| 18:56 | Create | Knight |
| 18:59 | Create | Knight |
| 19:04 | Create | Knight |
| 19:09 | Create | Villager (Male) |
| 19:26 | Build | Town Center |
| 19:29 | Create | Villager (Male) |
| 19:33 | Research | Wheelbarrow |
| 19:36 | Create | Knight |
| 19:36 | Create | Knight |
| 19:36 | Create | Knight |
| 19:36 | Create | Knight |
| 20:06 | Create | Knight |
| 20:41 | Create | Villager (Male) |
| 20:57 | Create | Knight |
| 21:00 | Create | Knight |
| 21:06 | Build | House |
| 21:24 | Create | Villager (Male) |
| 21:28 | Create | Villager (Male) |
| 21:28 | Create | Villager (Male) |
| 21:46 | Research | Forging |
| 21:47 | Research | Scale Barding Armor |
| 21:56 | Build | Town Center |
| 21:59 | Build | Farm |
| 22:35 | Create | Knight |
| 22:35 | Create | Knight |
| 22:35 | Create | Knight |
| 22:35 | Create | Knight |
| 22:36 | Create | Knight |
| 22:42 | Build | Farm |
| 22:43 | Create | Villager (Male) |
| 22:43 | Create | Villager (Male) |
| 23:31 | Create | Knight |
| 23:31 | Create | Knight |
| 23:31 | Create | Knight |
| 23:32 | Create | Knight |
| 23:40 | Build | Lumber Camp |
| 23:43 | Create | Villager (Male) |
| 23:43 | Create | Villager (Male) |
| 23:46 | Create | Villager (Male) |
| 23:46 | Create | Villager (Male) |
| 24:17 | Build | Farm |
| 24:18 | Create | Villager (Male) |
| 24:20 | Build | Farm |
| 24:21 | Build | Farm |
| 24:22 | Build | Farm |
| 24:24 | Build | Farm |
| 24:26 | Build | Farm |
| 24:27 | Create | Villager (Male) |
| 24:29 | Create | Villager (Male) |
| 24:31 | Create | Villager (Male) |
| 24:33 | Build | Farm |
| 24:38 | Build | Farm |
| 24:40 | Build | Farm |
| 24:42 | Create | Villager (Male) |
| 25:01 | Build | Farm |
| 25:03 | Research | Scale Barding Armor |
| 25:07 | Build | Farm |
| 25:08 | Create | Villager (Male) |
| 25:12 | Build | Farm |
| 25:15 | Create | Villager (Male) |
| 25:15 | Create | Villager (Male) |
| 25:38 | Create | Villager (Male) |
Build order — XcodeVeronica
First 150 of 397 actions detected
| 0:30 | Create | Villager (Male) ×4 |
| 0:31 | Build | House |
| 2:09 | Create | Villager (Male) |
| 2:09 | Create | Villager (Male) |
| 2:15 | Build | House |
| 2:26 | Create | Villager (Male) |
| 2:43 | Create | Villager (Male) |
| 2:44 | Create | Villager (Male) |
| 2:57 | Build | Palisade Gate |
| 2:59 | Build | House |
| 3:00 | Build | House |
| 3:14 | Build | House |
| 3:17 | Create | Villager (Male) |
| 3:17 | Create | Villager (Male) |
| 3:38 | Create | Villager (Male) |
| 3:38 | Create | Villager (Male) |
| 3:51 | Create | Villager (Male) |
| 3:51 | Create | Villager (Male) |
| 4:39 | Create | Villager (Male) |
| 4:39 | Create | Villager (Male) |
| 5:19 | Create | Villager (Male) |
| 5:20 | Create | Villager (Male) |
| 5:20 | Create | Villager (Male) |
| 5:20 | Create | Villager (Male) |
| 5:23 | Build | Mining Camp |
| 5:42 | Create | Villager (Male) |
| 5:42 | Create | Villager (Male) |
| 5:43 | Create | Villager (Male) |
| 6:43 | Create | Villager (Male) |
| 7:08 | Create | Villager (Male) |
| 8:09 | Build | Lumber Camp |
| 8:12 | Create | Villager (Male) |
| 8:31 | Create | Villager (Male) |
| 8:57 | Build | Mill |
| 9:03 | Research | Feudal Age |
| 9:03 | Research | Feudal Age |
| 9:50 | Build | Farm |
| 9:52 | Build | Farm |
| 10:22 | Build | Farm |
| 10:29 | Build | Farm |
| 11:08 | Create | Villager (Male) ×5 |
| 11:14 | Age | Feudal Age |
| 11:49 | Build | Blacksmith |
| 12:11 | Build | Farm |
| 12:27 | Build | Farm |
| 12:40 | Build | Market |
| 13:01 | Build | Farm |
| 13:15 | Build | House |
| 13:18 | Create | Villager (Male) |
| 13:36 | Create | Villager (Male) |
| 13:41 | Build | Farm |
| 13:49 | Build | House |
| 13:51 | Build | House |
| 13:53 | Build | House |
| 14:08 | Research | Castle Age |
| 14:08 | Research | Castle Age |
| 14:42 | Research | Double-Bit Axe |
| 14:42 | Research | Double-Bit Axe |
| 14:46 | Research | Horse Collar |
| 14:47 | Research | Horse Collar |
| 15:16 | Research | Gold Mining |
| 15:16 | Research | Gold Mining |
| 15:30 | Build | Gate |
| 15:34 | Create | Villager (Male) |
| 15:59 | Research | Wheelbarrow |
| 16:13 | Research | Stone Mining |
| 16:50 | Age | Castle Age |
| 17:04 | Build | Town Center |
| 17:14 | Research | Fletching |
| 17:49 | Build | Barracks |
| 17:57 | Create | Villager (Male) |
| 18:14 | Create | Spearman |
| 18:44 | Create | Spearman |
| 19:04 | Create | Spearman |
| 19:11 | Create | Villager (Male) |
| 19:14 | Research | Loom |
| 19:15 | Research | Loom |
| 20:02 | Build | Town Center |
| 20:05 | Create | Villager (Male) |
| 20:14 | Create | Villager (Male) |
| 20:22 | Build | Farm |
| 20:26 | Build | Farm |
| 20:39 | Create | Villager (Male) |
| 20:41 | Create | Spearman |
| 20:51 | Create | Villager (Male) |
| 20:52 | Create | Villager (Male) |
| 20:53 | Create | Villager (Male) |
| 21:14 | Build | Farm |
| 21:15 | Build | Farm |
| 21:21 | Build | Farm |
| 21:30 | Build | Farm |
| 21:31 | Build | Farm |
| 21:32 | Create | Villager (Male) |
| 21:33 | Create | Villager (Male) |
| 21:51 | Build | Farm |
| 21:52 | Build | Farm |
| 22:06 | Create | Villager (Male) |
| 22:07 | Create | Villager (Male) |
| 22:19 | Build | Stone Wall |
| 22:22 | Build | Gate |
| 22:29 | Create | Villager (Male) |
| 22:31 | Create | Villager (Male) |
| 22:40 | Build | Gate |
| 22:44 | Build | Stone Wall |
| 22:53 | Build | Stone Wall |
| 23:00 | Build | Farm |
| 23:01 | Create | Villager (Male) |
| 23:04 | Create | Villager (Male) |
| 23:18 | Create | Villager (Male) |
| 23:20 | Create | Villager (Male) |
| 23:21 | Create | Villager (Male) |
| 23:40 | Build | Farm |
| 23:46 | Build | Town Center |
| 23:52 | Create | Villager (Male) |
| 23:53 | Create | Villager (Male) |
| 23:54 | Create | Villager (Male) |
| 23:58 | Build | House |
| 23:59 | Build | House |
| 24:04 | Build | Stone Wall |
| 24:07 | Build | Stone Wall |
| 24:24 | Build | University |
| 24:43 | Build | House |
| 24:44 | Build | House |
| 24:45 | Build | House |
| 24:46 | Build | House |
| 24:47 | Build | House |
| 24:54 | Create | Villager (Male) ×5 |
| 25:17 | Build | House |
| 25:24 | Create | Villager (Male) |
| 25:38 | Build | Siege Workshop |
| 25:43 | Create | Villager (Male) |
| 25:48 | Create | Villager (Male) |
| 25:50 | Create | Villager (Male) |
| 26:05 | Build | House |
| 26:10 | Build | House |
| 26:16 | Create | Villager (Male) |
| 26:17 | Create | Villager (Male) |
| 26:18 | Create | Villager (Male) |
| 26:19 | Create | Villager (Male) |
| 26:25 | Build | Castle |
| 26:27 | Create | Iron Pagoda |
| 26:29 | Create | Villager (Male) |
| 26:31 | Research | Bow Saw |
| 26:38 | Create | Villager (Male) |
| 26:39 | Create | Villager (Male) |
| 26:40 | Create | Villager (Male) |
| 26:41 | Create | Villager (Male) |
| 26:52 | Build | Farm |
| 26:53 | Build | Farm |
| 26:59 | Create | Villager (Male) |
Build order — Robe
First 150 of 533 actions detected
| 0:01 | Create | Villager (Male) |
| 0:01 | Create | Villager (Male) |
| 0:01 | Create | Villager (Male) |
| 0:03 | Build | House |
| 0:04 | Build | House |
| 0:15 | Create | Villager (Male) |
| 0:15 | Create | Villager (Male) |
| 1:24 | Create | Villager (Male) |
| 1:24 | Create | Villager (Male) |
| 1:55 | Build | Lumber Camp |
| 1:59 | Create | Villager (Male) |
| 2:29 | Create | Villager (Male) |
| 2:33 | Create | Villager (Male) |
| 3:17 | Create | Villager (Male) |
| 3:19 | Create | Villager (Male) |
| 3:54 | Build | House |
| 4:11 | Create | Villager (Male) |
| 4:26 | Create | Villager (Male) |
| 4:33 | Build | Mill |
| 4:41 | Create | Villager (Male) |
| 4:42 | Create | Villager (Male) |
| 4:46 | Build | House |
| 5:16 | Build | House |
| 5:26 | Create | Villager (Male) |
| 5:33 | Create | Villager (Male) |
| 5:34 | Create | Villager (Male) |
| 5:35 | Create | Villager (Male) |
| 5:56 | Create | Villager (Male) |
| 5:57 | Create | Villager (Male) |
| 6:03 | Build | Lumber Camp |
| 6:44 | Create | Villager (Male) |
| 6:45 | Create | Villager (Male) |
| 7:32 | Build | Farm |
| 8:05 | Research | Loom |
| 8:05 | Research | Feudal Age |
| 8:19 | Build | Farm |
| 8:33 | Build | Palisade Wall |
| 8:50 | Build | Palisade Gate |
| 9:07 | Build | Barracks |
| 9:17 | Create | Villager (Male) |
| 9:18 | Create | Villager (Male) |
| 9:30 | Create | Villager (Male) |
| 10:19 | Age | Feudal Age |
| 10:41 | Build | Stable |
| 10:48 | Build | House |
| 10:52 | Research | Double-Bit Axe |
| 10:58 | Build | Farm |
| 11:01 | Build | Farm |
| 11:12 | Create | Villager (Male) |
| 11:28 | Create | Scout Cavalry |
| 11:28 | Create | Scout Cavalry |
| 11:51 | Create | Villager (Male) |
| 11:57 | Build | House |
| 12:18 | Build | Farm |
| 12:27 | Create | Villager (Male) |
| 12:27 | Create | Villager (Male) |
| 12:29 | Build | House |
| 12:34 | Build | Farm |
| 12:37 | Create | Scout Cavalry |
| 12:54 | Create | Villager (Male) |
| 13:01 | Build | Mining Camp |
| 13:28 | Create | Villager (Male) |
| 13:31 | Build | House |
| 13:31 | Create | Villager (Male) |
| 13:36 | Build | Farm |
| 13:38 | Build | Farm |
| 13:40 | Build | Farm |
| 13:44 | Build | Farm |
| 14:16 | Create | Villager (Male) |
| 14:20 | Build | House |
| 14:41 | Build | Farm |
| 14:42 | Build | Farm |
| 14:52 | Build | Blacksmith |
| 14:56 | Build | Lumber Camp |
| 15:10 | Build | Farm |
| 15:46 | Research | Castle Age |
| 15:47 | Research | Castle Age |
| 15:55 | Build | House |
| 15:58 | Create | Villager (Male) |
| 16:28 | Build | House |
| 16:41 | Research | Town Watch |
| 18:18 | Research | Scale Barding Armor |
| 18:26 | Age | Castle Age |
| 18:30 | Create | Villager (Male) |
| 18:32 | Build | House |
| 18:35 | Build | Town Center |
| 18:38 | Build | Town Center |
| 18:57 | Create | Villager (Male) |
| 19:05 | Create | Villager (Male) |
| 19:07 | Research | Bow Saw |
| 19:12 | Build | House |
| 19:44 | Build | House |
| 19:56 | Create | Villager (Male) |
| 20:01 | Create | Villager (Male) |
| 20:15 | Create | Villager (Male) |
| 20:15 | Create | Villager (Male) |
| 20:20 | Build | House |
| 20:37 | Research | Loom |
| 20:38 | Create | Villager (Male) |
| 20:38 | Create | Villager (Male) |
| 20:38 | Create | Villager (Male) |
| 20:49 | Create | Villager (Male) |
| 21:14 | Create | Villager (Male) |
| 21:15 | Create | Villager (Male) |
| 21:29 | Create | Villager (Male) |
| 21:29 | Create | Villager (Male) |
| 21:47 | Create | Villager (Male) |
| 21:47 | Create | Villager (Male) |
| 21:58 | Build | Farm |
| 22:00 | Create | Villager (Male) |
| 22:00 | Create | Villager (Male) |
| 22:02 | Build | Farm |
| 22:04 | Research | Horse Collar |
| 22:10 | Build | Farm |
| 22:10 | Build | Farm |
| 22:10 | Build | Farm |
| 22:10 | Build | Farm |
| 22:10 | Build | Farm |
| 22:11 | Build | Farm |
| 22:11 | Build | Farm |
| 22:16 | Build | Farm |
| 22:16 | Build | Farm |
| 22:20 | Create | Villager (Male) |
| 22:28 | Build | Market |
| 22:30 | Build | Farm |
| 22:32 | Build | Farm |
| 22:38 | Create | Villager (Male) |
| 22:40 | Create | Villager (Male) |
| 22:40 | Create | Villager (Male) |
| 22:42 | Build | Farm |
| 22:47 | Research | Heavy Plow |
| 22:49 | Create | Villager (Male) |
| 22:51 | Create | Villager (Male) |
| 23:00 | Create | Villager (Male) |
| 23:13 | Create | Villager (Male) |
| 23:13 | Create | Villager (Male) |
| 23:18 | Build | House |
| 23:19 | Build | House |
| 23:29 | Create | Villager (Male) |
| 23:32 | Create | Villager (Male) |
| 23:43 | Build | Town Center |
| 23:45 | Create | Villager (Male) |
| 23:50 | Create | Villager (Male) |
| 23:59 | Create | Villager (Male) |
| 24:09 | Create | Villager (Male) |
| 24:10 | Create | Villager (Male) |
| 24:17 | Build | Farm |
| 24:17 | Build | Farm |
| 24:17 | Build | Farm |
| 24:18 | Build | Farm |
Build order — Manuel24
First 150 of 535 actions detected
| 0:01 | Create | Villager (Male) |
| 0:01 | Create | Villager (Male) |
| 0:04 | Build | House |
| 0:08 | Build | House |
| 0:30 | Create | Villager (Male) |
| 0:31 | Create | Villager (Male) |
| 0:31 | Create | Villager (Male) |
| 1:25 | Create | Villager (Male) |
| 1:49 | Build | Lumber Camp |
| 2:00 | Create | Villager (Male) |
| 2:00 | Create | Villager (Male) |
| 2:18 | Create | Villager (Male) |
| 2:18 | Create | Villager (Male) |
| 2:47 | Create | Villager (Male) |
| 3:13 | Create | Villager (Male) |
| 3:13 | Create | Villager (Male) |
| 3:44 | Create | Villager (Male) |
| 3:45 | Create | Villager (Male) |
| 3:53 | Build | House |
| 3:58 | Create | Villager (Male) |
| 4:16 | Build | Mill |
| 4:25 | Create | Villager (Male) |
| 4:25 | Create | Villager (Male) |
| 4:43 | Create | Villager (Male) |
| 4:55 | Build | Palisade Wall |
| 5:07 | Create | Villager (Male) |
| 5:43 | Create | Villager (Male) |
| 5:43 | Create | Villager (Male) |
| 5:43 | Create | Villager (Male) |
| 6:00 | Build | House |
| 6:03 | Create | Villager (Male) |
| 6:43 | Build | Palisade Gate |
| 7:03 | Create | Villager (Male) |
| 7:26 | Build | Mining Camp |
| 7:28 | Create | Villager (Male) |
| 7:43 | Build | House |
| 8:02 | Research | Feudal Age |
| 8:02 | Research | Feudal Age |
| 8:39 | Build | Barracks |
| 9:41 | Build | House |
| 9:55 | Create | Villager (Male) |
| 9:55 | Create | Villager (Male) |
| 9:56 | Create | Villager (Male) |
| 10:12 | Age | Feudal Age |
| 10:15 | Build | Archery Range |
| 11:07 | Create | Archer |
| 11:08 | Create | Archer |
| 11:58 | Create | Archer |
| 11:58 | Create | Archer |
| 12:02 | Create | Villager (Male) |
| 12:05 | Build | Farm |
| 12:05 | Build | Farm |
| 12:05 | Build | Farm |
| 12:05 | Build | Farm |
| 12:05 | Build | Farm |
| 12:06 | Build | Farm |
| 12:06 | Build | Farm |
| 12:06 | Build | Farm |
| 12:06 | Build | Farm |
| 12:22 | Create | Archer |
| 12:50 | Create | Archer |
| 13:06 | Build | Blacksmith |
| 14:25 | Research | Fletching |
| 14:25 | Research | Fletching |
| 14:25 | Create | Archer |
| 14:26 | Create | Archer |
| 14:26 | Create | Archer |
| 14:34 | Create | Villager (Male) |
| 14:35 | Create | Villager (Male) |
| 14:52 | Build | Archery Range |
| 15:21 | Research | Padded Archer Armor |
| 15:21 | Research | Padded Archer Armor |
| 15:24 | Create | Villager (Male) |
| 15:26 | Research | Loom |
| 15:27 | Research | Loom |
| 15:53 | Build | House |
| 16:15 | Create | Archer |
| 16:16 | Create | Archer |
| 16:23 | Create | Villager (Male) |
| 16:35 | Build | Palisade Gate |
| 16:55 | Build | Farm |
| 17:01 | Build | House |
| 17:09 | Create | Villager (Male) |
| 17:20 | Build | Farm |
| 17:40 | Build | House |
| 17:49 | Research | Castle Age |
| 17:49 | Research | Castle Age |
| 18:02 | Create | Archer |
| 18:03 | Create | Archer |
| 18:09 | Build | Farm |
| 18:21 | Build | Lumber Camp |
| 18:27 | Research | Double-Bit Axe |
| 18:27 | Research | Double-Bit Axe |
| 18:36 | Create | Archer |
| 18:36 | Create | Archer |
| 18:45 | Create | Archer |
| 18:46 | Create | Archer |
| 18:50 | Research | Horse Collar |
| 18:50 | Research | Horse Collar |
| 18:51 | Research | Horse Collar |
| 19:05 | Build | Lumber Camp |
| 19:27 | Create | Archer |
| 19:28 | Create | Archer |
| 19:43 | Create | Villager (Male) |
| 19:50 | Create | Archer |
| 20:03 | Create | Villager (Male) |
| 20:04 | Create | Villager (Male) |
| 20:29 | Age | Castle Age |
| 20:34 | Build | House |
| 20:34 | Build | House |
| 20:34 | Build | House |
| 20:37 | Research | Crossbowman (upgrade) |
| 20:37 | Research | Crossbowman (upgrade) |
| 20:39 | Create | Archer |
| 20:39 | Create | Archer |
| 20:39 | Create | Archer |
| 20:50 | Build | Siege Workshop |
| 21:01 | Research | Bodkin Arrow |
| 21:02 | Research | Bodkin Arrow |
| 21:02 | Research | Bodkin Arrow |
| 21:33 | Create | Villager (Male) |
| 23:17 | Build | Archery Range |
| 23:20 | Create | Archer |
| 23:20 | Create | Archer |
| 23:21 | Create | Archer |
| 23:21 | Create | Archer |
| 23:25 | Create | Archer |
| 24:32 | Create | Archer |
| 24:32 | Create | Archer |
| 24:33 | Create | Archer |
| 24:36 | Research | Wheelbarrow |
| 24:36 | Research | Wheelbarrow |
| 24:45 | Create | Archer |
| 25:02 | Create | Archer |
| 25:09 | Research | Thumb Ring |
| 25:12 | Create | Villager (Male) |
| 25:16 | Build | University |
| 25:46 | Create | Archer |
| 25:55 | Create | Villager (Male) |
| 25:55 | Create | Villager (Male) |
| 25:58 | Build | Farm |
| 26:28 | Research | Ballistics |
| 26:28 | Research | Ballistics |
| 26:38 | Build | Archery Range |
| 27:06 | Build | Farm |
| 27:07 | Build | Farm |
| 27:08 | Create | Villager (Male) |
| 27:08 | Create | Villager (Male) |
| 27:09 | Create | Villager (Male) |
| 27:09 | Create | Villager (Male) |
Build order — MTY | Samuel García
First 150 of 472 actions detected
| 0:01 | Create | Villager (Male) |
| 0:02 | Build | House |
| 0:03 | Build | House |
| 0:14 | Create | Villager (Male) |
| 0:30 | Create | Villager (Male) |
| 0:37 | Create | Villager (Male) |
| 1:28 | Create | Villager (Male) |
| 1:44 | Build | Lumber Camp |
| 2:04 | Create | Villager (Male) |
| 2:21 | Create | Villager (Male) |
| 2:42 | Create | Villager (Male) |
| 3:15 | Create | Villager (Male) |
| 3:15 | Create | Villager (Male) |
| 3:27 | Build | House |
| 3:38 | Create | Villager (Male) |
| 3:55 | Create | Villager (Male) |
| 4:15 | Build | House |
| 4:17 | Create | Villager (Male) |
| 4:32 | Build | Mill |
| 4:46 | Build | Palisade Gate |
| 4:53 | Create | Villager (Male) |
| 5:05 | Research | Loom |
| 5:07 | Build | Palisade Wall |
| 5:24 | Create | Villager (Male) |
| 5:48 | Research | Loom |
| 6:17 | Create | Villager (Male) |
| 6:49 | Research | Feudal Age |
| 6:49 | Research | Feudal Age |
| 7:43 | Create | Villager (Male) |
| 7:44 | Create | Villager (Male) |
| 8:44 | Create | Villager (Male) |
| 8:53 | Build | House |
| 8:59 | Age | Feudal Age |
| 9:22 | Build | Mill |
| 9:24 | Create | Villager (Male) |
| 9:34 | Build | Mining Camp |
| 10:12 | Build | House |
| 10:17 | Build | Mill |
| 10:21 | Build | Barracks |
| 10:33 | Build | Palisade Gate |
| 10:34 | Create | Villager (Male) |
| 10:42 | Create | Villager (Male) |
| 10:45 | Build | House |
| 10:53 | Build | Palisade Wall |
| 11:03 | Create | Villager (Male) |
| 11:13 | Create | Villager (Male) |
| 11:14 | Create | Villager (Male) |
| 11:30 | Build | House |
| 11:37 | Build | Palisade Wall |
| 11:39 | Build | Palisade Wall |
| 11:43 | Create | Villager (Male) |
| 11:59 | Build | Gate |
| 12:10 | Build | Archery Range |
| 12:13 | Create | Villager (Male) |
| 12:16 | Create | Villager (Male) |
| 12:23 | Create | Villager (Male) |
| 12:27 | Build | Farm |
| 12:27 | Build | Farm |
| 12:28 | Build | Farm |
| 12:28 | Build | Farm |
| 12:55 | Create | Villager (Male) |
| 12:58 | Create | Skirmisher |
| 13:11 | Create | Villager (Male) |
| 13:23 | Build | Gate |
| 13:31 | Create | Skirmisher |
| 13:42 | Create | Villager (Male) |
| 13:51 | Build | Palisade Wall |
| 13:54 | Create | Villager (Male) |
| 14:08 | Create | Villager (Male) |
| 14:18 | Create | Archer |
| 14:18 | Create | Archer |
| 14:22 | Build | Farm |
| 14:24 | Build | Farm |
| 14:25 | Create | Villager (Male) |
| 14:29 | Build | Blacksmith |
| 14:41 | Build | Farm |
| 14:44 | Research | Double-Bit Axe |
| 14:46 | Research | Horse Collar |
| 15:00 | Create | Archer |
| 15:13 | Create | Villager (Male) |
| 15:29 | Create | Villager (Male) |
| 15:47 | Build | Archery Range |
| 15:48 | Build | Archery Range |
| 16:06 | Create | Villager (Male) |
| 16:14 | Build | Gate |
| 16:16 | Build | Stone Wall |
| 16:18 | Create | Villager (Male) |
| 16:21 | Build | Archery Range |
| 16:22 | Create | Archer |
| 16:27 | Create | Archer |
| 16:30 | Create | Villager (Male) |
| 16:39 | Build | House |
| 16:49 | Create | Archer |
| 16:51 | Research | Fletching |
| 16:52 | Create | Villager (Male) |
| 16:59 | Build | Lumber Camp |
| 17:12 | Create | Archer |
| 17:13 | Create | Villager (Male) |
| 17:14 | Create | Archer |
| 17:14 | Create | Archer |
| 17:30 | Create | Villager (Male) |
| 17:37 | Build | Farm |
| 17:40 | Build | Farm |
| 17:52 | Build | Farm |
| 17:54 | Create | Archer |
| 17:54 | Create | Archer |
| 18:17 | Build | Farm |
| 18:20 | Build | Farm |
| 18:46 | Build | Market |
| 18:54 | Create | Villager (Male) |
| 18:58 | Create | Archer |
| 18:59 | Create | Archer |
| 18:59 | Create | Archer |
| 19:09 | Build | House |
| 19:25 | Research | Castle Age |
| 19:25 | Research | Castle Age |
| 19:28 | Create | Archer |
| 19:29 | Create | Archer |
| 19:43 | Build | House |
| 19:45 | Build | House |
| 19:45 | Build | House |
| 19:53 | Build | Mining Camp |
| 20:12 | Create | Archer |
| 20:12 | Create | Archer |
| 20:18 | Research | Gold Mining |
| 20:19 | Create | Villager (Male) |
| 20:20 | Create | Archer |
| 20:31 | Research | Padded Archer Armor |
| 20:39 | Build | House |
| 20:40 | Build | House |
| 21:13 | Create | Villager (Male) |
| 21:17 | Create | Archer |
| 21:41 | Create | Archer |
| 21:44 | Create | Villager (Male) |
| 22:05 | Age | Castle Age |
| 22:06 | Research | Crossbowman (upgrade) |
| 22:16 | Research | Leather Archer Armor |
| 22:16 | Research | Leather Archer Armor |
| 22:19 | Research | Bodkin Arrow |
| 22:20 | Create | Archer |
| 22:20 | Create | Archer |
| 22:25 | Create | Archer |
| 22:26 | Create | Villager (Male) |
| 22:42 | Create | Archer |
| 22:53 | Create | Archer |
| 23:10 | Create | Archer |
| 23:11 | Create | Villager (Male) |
| 23:11 | Create | Villager (Male) |
| 23:20 | Create | Villager (Male) |
| 23:22 | Build | University |
Build order — Friendly new player
First 150 of 630 actions detected
| 0:01 | Create | Villager (Male) ×4 |
| 0:01 | Create | Villager (Male) ×4 |
| 0:02 | Build | House |
| 0:03 | Build | House |
| 1:43 | Create | Villager (Male) |
| 1:43 | Create | Villager (Male) |
| 1:47 | Build | Lumber Camp |
| 2:02 | Create | Villager (Male) |
| 2:02 | Create | Villager (Male) |
| 2:32 | Create | Villager (Male) |
| 2:33 | Create | Villager (Male) |
| 2:59 | Create | Villager (Male) |
| 2:59 | Create | Villager (Male) |
| 3:18 | Create | Villager (Male) |
| 3:18 | Create | Villager (Male) |
| 3:42 | Create | Villager (Male) |
| 3:42 | Create | Villager (Male) |
| 3:47 | Build | House |
| 4:02 | Create | Villager (Male) |
| 4:03 | Create | Villager (Male) |
| 4:03 | Create | Villager (Male) |
| 4:18 | Create | Villager (Male) |
| 4:18 | Create | Villager (Male) |
| 4:27 | Build | Palisade Wall |
| 4:41 | Create | Villager (Male) |
| 5:26 | Build | House |
| 5:36 | Create | Villager (Male) |
| 5:56 | Build | Palisade Gate |
| 6:04 | Create | Villager (Male) |
| 6:36 | Create | Villager (Male) |
| 6:48 | Create | Villager (Male) |
| 6:54 | Build | Mining Camp |
| 7:12 | Create | Villager (Male) |
| 7:37 | Create | Villager (Male) |
| 8:06 | Create | Villager (Male) |
| 8:26 | Build | Mill |
| 8:32 | Research | Feudal Age |
| 9:17 | Create | Villager (Male) |
| 9:24 | Build | House |
| 9:35 | Build | Farm |
| 9:35 | Build | Farm |
| 9:36 | Build | Farm |
| 9:37 | Build | Farm |
| 9:59 | Build | Farm |
| 10:04 | Build | Palisade Wall |
| 10:34 | Build | House |
| 10:35 | Build | Palisade Wall |
| 10:40 | Create | Villager (Male) |
| 10:42 | Build | Farm |
| 10:58 | Build | House |
| 10:59 | Age | Feudal Age |
| 11:04 | Research | Double-Bit Axe |
| 11:04 | Research | Double-Bit Axe |
| 11:05 | Research | Horse Collar |
| 11:05 | Research | Horse Collar |
| 11:14 | Build | Farm |
| 11:29 | Build | Farm |
| 11:34 | Build | House |
| 11:37 | Build | Palisade Wall |
| 11:37 | Build | Palisade Wall |
| 11:45 | Build | Farm |
| 11:47 | Create | Villager (Male) |
| 11:51 | Build | Farm |
| 12:24 | Build | Farm |
| 12:25 | Create | Villager (Male) |
| 12:26 | Create | Villager (Male) |
| 12:38 | Build | House |
| 12:48 | Build | Farm |
| 12:49 | Build | Farm |
| 12:53 | Build | Farm |
| 13:25 | Build | House |
| 13:35 | Build | Watch Tower |
| 13:45 | Create | Villager (Male) |
| 13:45 | Create | Villager (Male) |
| 14:25 | Build | Farm |
| 14:28 | Build | Farm |
| 14:32 | Create | Villager (Male) |
| 14:39 | Build | Farm |
| 14:58 | Create | Villager (Male) |
| 15:07 | Build | Farm |
| 15:37 | Research | Castle Age |
| 15:48 | Build | Stable |
| 15:56 | Build | Mining Camp |
| 16:45 | Build | Blacksmith |
| 16:53 | Create | Villager (Male) |
| 17:54 | Create | Villager (Male) |
| 18:17 | Age | Castle Age |
| 18:25 | Build | Town Center |
| 18:30 | Build | Town Center |
| 18:45 | Build | Town Center |
| 18:47 | Create | Villager (Male) |
| 18:48 | Create | Villager (Male) |
| 18:51 | Research | Bow Saw |
| 18:51 | Research | Bow Saw |
| 19:31 | Create | Villager (Male) |
| 19:51 | Create | Villager (Male) |
| 20:06 | Create | Villager (Male) |
| 20:06 | Create | Villager (Male) |
| 20:07 | Create | Villager (Male) |
| 20:07 | Create | Villager (Male) |
| 20:07 | Create | Villager (Male) |
| 20:17 | Create | Villager (Male) |
| 20:17 | Create | Villager (Male) |
| 20:18 | Create | Villager (Male) |
| 20:20 | Create | Villager (Male) |
| 20:24 | Research | Heavy Plow |
| 20:24 | Research | Heavy Plow |
| 20:24 | Research | Heavy Plow |
| 20:33 | Build | Farm |
| 20:36 | Build | Farm |
| 20:37 | Build | Farm |
| 20:50 | Build | House |
| 20:51 | Build | House |
| 20:53 | Build | House |
| 20:56 | Create | Villager (Male) |
| 20:57 | Create | Villager (Male) |
| 20:57 | Create | Villager (Male) |
| 20:58 | Create | Villager (Male) |
| 20:58 | Create | Villager (Male) |
| 21:01 | Build | Farm |
| 21:06 | Build | Farm |
| 21:09 | Build | Farm |
| 21:15 | Create | Villager (Male) |
| 21:16 | Create | Villager (Male) |
| 21:16 | Create | Villager (Male) |
| 21:17 | Create | Villager (Male) |
| 21:33 | Build | Farm |
| 21:35 | Create | Villager (Male) |
| 21:36 | Create | Villager (Male) |
| 21:48 | Build | Farm |
| 21:53 | Create | Villager (Male) |
| 21:58 | Build | Farm |
| 21:59 | Research | Stone Mining |
| 21:59 | Research | Stone Mining |
| 22:06 | Build | Farm |
| 22:15 | Create | Villager (Male) |
| 22:17 | Create | Villager (Male) |
| 22:18 | Create | Villager (Male) |
| 22:24 | Build | Farm |
| 22:30 | Build | Farm |
| 22:37 | Build | Lumber Camp |
| 22:41 | Create | Villager (Male) |
| 22:42 | Create | Villager (Male) |
| 22:43 | Create | Villager (Male) |
| 22:43 | Create | Villager (Male) |
| 22:49 | Build | Farm |
| 22:55 | Build | Farm |
| 22:58 | Build | Farm |
| 23:06 | Research | Gold Mining |
| 23:07 | Research | Gold Mining |
Build order — Mike Riko riko
First 150 of 490 actions detected
| 0:01 | Create | Villager (Male) |
| 0:01 | Create | Villager (Male) |
| 0:03 | Build | House |
| 0:04 | Build | House |
| 0:05 | Create | Villager (Male) |
| 0:05 | Create | Villager (Male) |
| 1:22 | Create | Villager (Male) |
| 1:22 | Create | Villager (Male) |
| 1:39 | Create | Villager (Male) |
| 1:39 | Create | Villager (Male) |
| 1:39 | Create | Villager (Male) |
| 1:49 | Build | Lumber Camp |
| 2:18 | Create | Villager (Male) |
| 2:18 | Create | Villager (Male) |
| 2:49 | Create | Villager (Male) |
| 2:49 | Create | Villager (Male) |
| 2:52 | Build | House |
| 2:53 | Build | House |
| 2:55 | Build | House |
| 3:00 | Create | Villager (Male) |
| 3:01 | Create | Villager (Male) |
| 3:19 | Build | House |
| 3:26 | Create | Villager (Male) |
| 3:26 | Create | Villager (Male) |
| 3:56 | Create | Villager (Male) |
| 3:56 | Create | Villager (Male) |
| 3:57 | Create | Villager (Male) |
| 4:06 | Build | House |
| 4:19 | Build | Palisade Wall |
| 4:20 | Build | Palisade Gate |
| 4:28 | Create | Villager (Male) |
| 4:28 | Create | Villager (Male) |
| 4:28 | Create | Villager (Male) |
| 5:02 | Create | Villager (Male) |
| 5:02 | Create | Villager (Male) |
| 5:02 | Create | Villager (Male) |
| 5:42 | Create | Villager (Male) |
| 5:43 | Create | Villager (Male) |
| 5:43 | Create | Villager (Male) |
| 5:43 | Create | Villager (Male) |
| 5:45 | Research | Loom |
| 5:58 | Build | Mill |
| 6:45 | Create | Villager (Male) |
| 6:46 | Create | Villager (Male) |
| 7:26 | Build | Mining Camp |
| 7:34 | Create | Villager (Male) |
| 7:35 | Create | Villager (Male) |
| 8:11 | Build | Mining Camp |
| 8:26 | Create | Villager (Male) |
| 8:32 | Create | Villager (Male) |
| 8:35 | Research | Feudal Age |
| 9:34 | Build | Farm |
| 9:35 | Build | Farm |
| 9:36 | Build | Farm |
| 9:37 | Build | Farm |
| 9:56 | Build | Farm |
| 10:15 | Build | Farm |
| 10:34 | Create | Villager (Male) |
| 10:34 | Create | Villager (Male) |
| 10:54 | Build | Farm |
| 10:56 | Build | Farm |
| 11:29 | Age | Feudal Age |
| 11:39 | Build | Market |
| 12:16 | Build | Blacksmith |
| 12:20 | Research | Loom |
| 12:44 | Research | Castle Age |
| 13:23 | Build | Stone Wall |
| 13:31 | Build | Stone Wall |
| 13:45 | Create | Villager (Male) |
| 13:45 | Create | Villager (Male) |
| 13:49 | Research | Town Watch |
| 14:32 | Create | Villager (Male) |
| 14:32 | Create | Villager (Male) |
| 14:35 | Build | Farm |
| 14:36 | Build | Farm |
| 14:44 | Build | House |
| 14:45 | Build | House |
| 14:58 | Research | Double-Bit Axe |
| 15:25 | Age | Castle Age |
| 15:25 | Build | Stone Wall |
| 16:02 | Create | Villager (Male) |
| 16:02 | Create | Villager (Male) |
| 16:08 | Build | Town Center |
| 16:45 | Create | Villager (Male) |
| 17:09 | Create | Villager (Male) |
| 17:40 | Create | Villager (Male) |
| 17:40 | Create | Villager (Male) |
| 17:40 | Create | Villager (Male) |
| 17:41 | Create | Villager (Male) |
| 17:41 | Create | Villager (Male) |
| 18:10 | Create | Villager (Male) |
| 18:18 | Build | Farm |
| 18:18 | Build | Farm |
| 18:18 | Build | Farm |
| 18:19 | Build | Farm |
| 18:21 | Create | Villager (Male) |
| 18:21 | Create | Villager (Male) |
| 18:39 | Create | Villager (Male) |
| 18:39 | Create | Villager (Male) |
| 18:40 | Create | Villager (Male) |
| 18:40 | Create | Villager (Male) |
| 18:53 | Build | Castle |
| 18:56 | Build | Farm |
| 19:00 | Build | Farm |
| 19:01 | Build | Farm |
| 19:01 | Build | Farm |
| 19:14 | Create | Villager (Male) |
| 19:14 | Create | Villager (Male) |
| 19:23 | Create | Villager (Male) |
| 19:23 | Create | Villager (Male) |
| 19:23 | Create | Villager (Male) |
| 19:24 | Create | Villager (Male) |
| 19:32 | Build | Farm |
| 19:33 | Build | Farm |
| 19:33 | Build | Farm |
| 19:55 | Build | Farm |
| 20:10 | Build | House |
| 20:16 | Create | Villager (Male) |
| 20:16 | Create | Villager (Male) |
| 20:20 | Create | Villager (Male) |
| 20:29 | Build | Farm |
| 20:30 | Build | Farm |
| 20:30 | Build | Farm |
| 20:50 | Build | Mining Camp |
| 20:55 | Create | Villager (Male) |
| 20:57 | Create | Villager (Male) |
| 20:57 | Create | Villager (Male) |
| 21:00 | Build | Farm |
| 21:00 | Build | Farm |
| 21:00 | Build | Farm |
| 21:24 | Build | Stone Wall |
| 21:29 | Create | Villager (Male) |
| 21:29 | Create | Villager (Male) |
| 21:29 | Create | Villager (Male) |
| 21:30 | Create | Villager (Male) |
| 21:48 | Build | Stone Wall |
| 21:54 | Build | Gate |
| 21:57 | Create | Villager (Male) |
| 21:58 | Create | Villager (Male) |
| 21:59 | Create | Villager (Male) |
| 22:08 | Build | Siege Workshop |
| 22:28 | Build | Town Center |
| 22:36 | Create | Villager (Male) |
| 22:46 | Create | Genoese Crossbowman |
| 22:47 | Create | Genoese Crossbowman |
| 22:47 | Create | Genoese Crossbowman |
| 22:47 | Create | Genoese Crossbowman |
| 22:47 | Create | Genoese Crossbowman |
| 22:48 | Create | Genoese Crossbowman |
| 22:48 | Create | Genoese Crossbowman |
Build order — 00940
First 150 of 375 actions detected
| 0:02 | Create | Villager (Male) |
| 0:03 | Create | Villager (Male) |
| 0:03 | Create | Villager (Male) |
| 0:04 | Build | House |
| 0:06 | Build | House |
| 0:13 | Create | Villager (Male) |
| 1:33 | Create | Villager (Male) |
| 1:33 | Create | Villager (Male) |
| 1:54 | Create | Villager (Male) |
| 1:55 | Create | Villager (Male) |
| 1:57 | Build | Lumber Camp |
| 2:26 | Create | Villager (Male) |
| 2:27 | Create | Villager (Male) |
| 2:57 | Create | Villager (Male) |
| 2:57 | Create | Villager (Male) |
| 3:03 | Create | Villager (Male) |
| 3:04 | Create | Villager (Male) |
| 3:28 | Build | House |
| 3:49 | Create | Villager (Male) |
| 3:50 | Create | Villager (Male) |
| 3:50 | Create | Villager (Male) |
| 3:50 | Create | Villager (Male) |
| 3:55 | Build | House |
| 4:26 | Create | Villager (Male) |
| 4:26 | Create | Villager (Male) |
| 4:36 | Build | House |
| 4:54 | Build | Mill |
| 5:06 | Create | Villager (Male) |
| 5:06 | Create | Villager (Male) |
| 5:06 | Create | Villager (Male) |
| 5:07 | Create | Villager (Male) |
| 5:16 | Build | Palisade Wall |
| 5:36 | Create | Villager (Male) |
| 5:36 | Create | Villager (Male) |
| 5:40 | Build | Palisade Gate |
| 5:42 | Build | Palisade Wall |
| 5:43 | Build | Palisade Wall |
| 6:08 | Create | Villager (Male) |
| 6:08 | Create | Villager (Male) |
| 6:09 | Create | Villager (Male) |
| 6:41 | Create | Villager (Male) |
| 6:47 | Create | Villager (Male) |
| 6:47 | Create | Villager (Male) |
| 7:46 | Build | Mining Camp |
| 8:28 | Research | Feudal Age |
| 8:46 | Build | Mining Camp |
| 9:15 | Create | Villager (Male) |
| 9:15 | Create | Villager (Male) |
| 10:38 | Age | Feudal Age |
| 10:45 | Build | Blacksmith |
| 11:11 | Create | Villager (Male) |
| 11:47 | Create | Villager (Male) |
| 11:50 | Build | Market |
| 12:42 | Research | Castle Age |
| 12:44 | Research | Double-Bit Axe |
| 12:54 | Research | Horse Collar |
| 13:34 | Build | Farm |
| 13:35 | Build | Farm |
| 13:46 | Build | House |
| 13:51 | Create | Villager (Male) |
| 14:03 | Build | Farm |
| 14:06 | Build | Farm |
| 14:26 | Build | Farm |
| 14:29 | Create | Villager (Male) |
| 15:21 | Age | Castle Age |
| 15:33 | Build | Town Center |
| 15:44 | Build | Town Center |
| 15:56 | Create | Villager (Male) |
| 16:18 | Create | Villager (Male) |
| 16:31 | Research | Bow Saw |
| 16:47 | Create | Villager (Male) |
| 17:05 | Create | Villager (Male) |
| 17:12 | Create | Villager (Male) ×5 |
| 17:15 | Build | Farm |
| 17:23 | Build | Monastery |
| 17:30 | Create | Villager (Male) |
| 17:33 | Build | Farm |
| 17:37 | Build | Farm |
| 17:43 | Create | Villager (Male) |
| 17:53 | Create | Villager (Male) |
| 17:58 | Build | Farm |
| 18:02 | Create | Villager (Male) |
| 18:04 | Build | Farm |
| 18:17 | Create | Villager (Male) |
| 18:19 | Build | Farm |
| 18:27 | Build | House |
| 18:31 | Build | Farm |
| 18:36 | Create | Monk |
| 18:43 | Research | Wheelbarrow |
| 18:45 | Research | Town Watch |
| 18:46 | Create | Villager (Male) ×2 |
| 18:53 | Build | Farm |
| 18:56 | Build | House |
| 19:10 | Create | Villager (Male) ×3 |
| 19:17 | Build | Farm |
| 19:20 | Build | Farm |
| 19:39 | Create | Villager (Male) ×3 |
| 19:55 | Build | House |
| 20:09 | Create | Villager (Male) |
| 20:16 | Build | Farm |
| 20:17 | Build | Farm |
| 20:23 | Build | Farm |
| 20:25 | Build | Farm |
| 20:27 | Build | Farm |
| 20:28 | Create | Villager (Male) |
| 20:34 | Build | Gate |
| 20:38 | Build | House |
| 20:42 | Build | Farm |
| 20:45 | Build | Farm |
| 20:46 | Build | Farm |
| 20:49 | Build | Farm |
| 20:52 | Build | Farm |
| 20:56 | Research | Gold Mining |
| 20:57 | Create | Villager (Male) ×5 |
| 21:06 | Build | Farm |
| 21:07 | Build | Farm |
| 21:22 | Create | Villager (Male) |
| 21:44 | Build | Farm |
| 21:48 | Build | House |
| 22:02 | Research | Hand Cart |
| 22:04 | Research | Loom |
| 22:09 | Research | Stone Mining |
| 22:23 | Build | House |
| 22:34 | Create | Villager (Male) ×5 |
| 22:38 | Build | House |
| 22:39 | Build | House |
| 22:39 | Create | Villager (Male) |
| 23:02 | Build | House |
| 23:05 | Research | Gold Shaft Mining |
| 23:06 | Create | Villager (Male) |
| 23:07 | Create | Villager (Male) |
| 23:11 | Build | House |
| 23:12 | Build | House |
| 23:12 | Build | House |
| 23:15 | Create | Villager (Male) |
| 23:24 | Build | Town Center |
| 23:27 | Create | Villager (Male) |
| 23:50 | Build | House |
| 23:56 | Build | Farm |
| 23:57 | Create | Villager (Male) |
| 24:01 | Build | Farm |
| 24:03 | Build | Farm |
| 24:05 | Build | Farm |
| 24:07 | Build | Farm |
| 24:09 | Create | Villager (Male) |
| 24:10 | Create | Villager (Male) |
| 24:36 | Create | Villager (Male) ×5 |
| 24:44 | Build | Farm |
| 24:46 | Build | Farm |
| 24:47 | Create | Villager (Male) |
Match timeline
| 2:14 | Chiquita · wall_segment Palisade Wall x3 |
| 4:19 | Mike Riko riko · wall_segment Palisade Wall x7 |
| 4:27 | Friendly new player · wall_segment Palisade Wall x13 |
| 4:55 | Manuel24 · wall_segment Palisade Wall x13 |
| 5:07 | MTY | Samuel García · wall_segment Palisade Wall x5 |
| 5:16 | 00940 · wall_segment Palisade Wall x1 |
| 5:42 | 00940 · wall_segment Palisade Wall x1 |
| 5:43 | 00940 · wall_segment Palisade Wall x1 |
| 8:33 | Robe · wall_segment Palisade Wall x9 |
| 8:39 | Manuel24 · first_building Barracks |
| 8:59 | MTY | Samuel García · age_up feudal |
| 9:07 | Robe · first_building Barracks |
| 9:07 | Chiquita · wall_segment Palisade Wall x1 |
| 10:04 | Friendly new player · wall_segment Palisade Wall x1 |
| 10:12 | Manuel24 · age_up feudal |
| 10:15 | Manuel24 · first_building Archery Range |
| 10:19 | Robe · age_up feudal |
| 10:21 | MTY | Samuel García · first_building Barracks |
| 10:35 | Friendly new player · wall_segment Palisade Wall x1 |
| 10:38 | 00940 · age_up feudal |
| 10:41 | Robe · first_building Stable |
| 10:53 | MTY | Samuel García · wall_segment Palisade Wall x1 |
| 10:59 | Friendly new player · age_up feudal |
| 11:14 | XcodeVeronica · age_up feudal |
| 11:16 | Chiquita · age_up feudal |
| 11:29 | Mike Riko riko · age_up feudal |
| 11:37 | Friendly new player · wall_segment Palisade Wall x1 |
| 11:37 | MTY | Samuel García · wall_segment Palisade Wall x1 |
| 11:37 | Friendly new player · wall_segment Palisade Wall x1 |
| 11:39 | MTY | Samuel García · wall_segment Palisade Wall x1 |
| 12:10 | MTY | Samuel García · first_building Archery Range |
| 13:23 | Mike Riko riko · wall_segment Stone Wall x13 |
| 13:31 | Mike Riko riko · wall_segment Stone Wall x1 |
| 13:51 | MTY | Samuel García · wall_segment Palisade Wall x1 |
| 15:21 | 00940 · age_up castle |
| 15:25 | Mike Riko riko · age_up castle |
| 15:25 | Mike Riko riko · wall_segment Stone Wall x15 |
| 15:44 | Chiquita · first_building Barracks |
| 15:48 | Friendly new player · first_building Stable |
| 16:11 | Chiquita · age_up castle |
| 16:16 | MTY | Samuel García · wall_segment Stone Wall x6 |
| 16:37 | Chiquita · first_building Stable |
| 16:50 | XcodeVeronica · age_up castle |
| 17:23 | 00940 · first_building Monastery |
| 17:49 | XcodeVeronica · first_building Barracks |
| 17:56 | Chiquita · first_market_sell 100 food |
| 18:17 | Friendly new player · age_up castle |
| 18:26 | Robe · age_up castle |
| 18:39 | 00940 · first_market_buy 100 food |
| 18:53 | Mike Riko riko · first_building Castle |
| 20:29 | Manuel24 · age_up castle |
| 20:50 | Manuel24 · first_building Siege Workshop |
| 21:24 | Mike Riko riko · wall_segment Stone Wall x14 |
| 21:48 | Mike Riko riko · wall_segment Stone Wall x12 |
| 22:05 | MTY | Samuel García · age_up castle |
| 22:08 | Mike Riko riko · first_building Siege Workshop |
| 22:11 | MTY | Samuel García · first_market_sell 100 wood |
| 22:19 | XcodeVeronica · wall_segment Stone Wall x2 |
| 22:44 | XcodeVeronica · wall_segment Stone Wall x4 |
| 22:53 | XcodeVeronica · wall_segment Stone Wall x1 |
| 23:38 | Robe · first_market_buy 100 stone |
| 23:58 | Chiquita · first_market_buy 100 food |
| 24:04 | XcodeVeronica · wall_segment Stone Wall x1 |
| 24:07 | XcodeVeronica · wall_segment Stone Wall x1 |
| 24:39 | 00940 · first_market_sell 100 wood |
| 24:46 | MTY | Samuel García · wall_segment Stone Wall x13 |
| 25:01 | Friendly new player · first_building Castle |
| 25:26 | 00940 · first_building Castle |
| 25:38 | XcodeVeronica · first_building Siege Workshop |
| 26:11 | Mike Riko riko · first_market_buy 100 stone |
| 26:15 | Mike Riko riko · first_market_sell 100 wood |
| 26:25 | XcodeVeronica · first_building Castle |
| 27:02 | 00940 · first_building Barracks |
| 27:26 | Robe · first_building Monastery |
| 27:31 | MTY | Samuel García · wall_segment Stone Wall x1 |
| 27:32 | MTY | Samuel García · wall_segment Stone Wall x1 |
| 27:32 | MTY | Samuel García · wall_segment Stone Wall x1 |
| 27:34 | MTY | Samuel García · wall_segment Stone Wall x1 |
| 27:55 | MTY | Samuel García · first_market_buy 100 wood |
| 27:56 | Friendly new player · first_building Siege Workshop |
| 28:06 | 00940 · first_building Stable |
| 28:11 | MTY | Samuel García · wall_segment Stone Wall x6 |
| 28:22 | Robe · first_market_sell 100 food |
| 29:16 | MTY | Samuel García · wall_segment Stone Wall x11 |
| 29:17 | MTY | Samuel García · wall_segment Stone Wall x3 |
| 29:18 | MTY | Samuel García · wall_segment Stone Wall x1 |
| 29:19 | Chiquita · first_building Monastery |
| 29:34 | XcodeVeronica · first_building Archery Range |
| 29:50 | Friendly new player · age_up imperial |
| 30:19 | MTY | Samuel García · first_building Castle |
| 30:24 | 00940 · age_up imperial |
| 31:05 | XcodeVeronica · first_market_sell 500 food |
| 31:05 | Friendly new player · first_market_sell 100 wood |
| 31:18 | Chiquita · first_building Castle |
| 32:28 | Robe · age_up imperial |
| 32:53 | Chiquita · age_up imperial |
| 33:23 | Friendly new player · first_market_buy 100 stone |
| 33:33 | Chiquita · wall_segment Stone Wall x8 |
| 33:37 | Chiquita · wall_segment Stone Wall x5 |
| 33:41 | Chiquita · wall_segment Stone Wall x4 |
| 33:44 | Mike Riko riko · age_up imperial |
| 35:57 | MTY | Samuel García · age_up imperial |
| 36:37 | XcodeVeronica · age_up imperial |
| 37:02 | Manuel24 · first_building Castle |
| 37:36 | Mike Riko riko · tribute_sent a jugador 1 |
| 37:36 | Mike Riko riko · tribute_sent a jugador 2 |
| 37:36 | Mike Riko riko · tribute_sent a jugador 3 |
| 37:36 | Mike Riko riko · tribute_sent a jugador 4 |
| 37:36 | Mike Riko riko · tribute_sent a jugador 5 |
| 37:36 | Mike Riko riko · tribute_sent a jugador 7 |
| 37:36 | Mike Riko riko · tribute_sent a jugador 8 |
| 40:05 | Friendly new player · tribute_sent a jugador 1 |
| 40:05 | Friendly new player · tribute_sent a jugador 2 |
| 40:05 | Friendly new player · tribute_sent a jugador 3 |
| 40:05 | Friendly new player · tribute_sent a jugador 4 |
| 40:05 | Friendly new player · tribute_sent a jugador 6 |
| 40:05 | Friendly new player · tribute_sent a jugador 7 |
| 40:05 | Friendly new player · tribute_sent a jugador 8 |
| 40:32 | Mike Riko riko · first_building Barracks |
| 41:10 | MTY | Samuel García · wall_segment Stone Wall x13 |
| 41:31 | Friendly new player · first_building Archery Range |
| 43:04 | MTY | Samuel García · first_building Siege Workshop |
| 45:38 | MTY | Samuel García · wall_segment Stone Wall x8 |
| 45:40 | Manuel24 · age_up imperial |
| 46:31 | MTY | Samuel García · wall_segment Stone Wall x1 |
| 46:31 | MTY | Samuel García · wall_segment Stone Wall x1 |
| 46:32 | MTY | Samuel García · wall_segment Stone Wall x1 |
| 48:01 | Mike Riko riko · first_building Archery Range |
| 48:19 | Chiquita · wall_segment Stone Wall x1 |
| 49:43 | Chiquita · wall_segment Stone Wall x2 |
| 49:46 | Robe · wall_segment Stone Wall x1 |
| 49:47 | Robe · wall_segment Stone Wall x1 |
| 50:05 | Chiquita · wall_segment Stone Wall x1 |
| 50:52 | Chiquita · resign |
| 50:54 | MTY | Samuel García · wall_segment Stone Wall x10 |
[ AI ANALYSIS · 1 CREDIT ]
What really happened in this match?
Wolo.gg analyzes every decision: build order, eco, micro, common mistakes by bracket. Personalized analysis on WhatsApp or Discord in 30 seconds.
Civ guide
Persians
Perfil
Jugador #14563328